AoeStats
← Chiripa605

Pilgrims

507091762Analyzed
4v4 RM · 15d ago on Sep 16, 2026· 24m 43s· 8 players
Game mode
Random Map
Map size
Large (8 player)
Population
200
Speed
Normal
Resources
Standard
Victory
Conquest
Starting age
Dark Age
Ending age
Imperial Age
RankedLock teamsTeams togetherTeam positionsShared explorationLock speedFull tech treeHidden civsTurbo modeCheats
Victory
Defeat
🇬🇧 Dravidians · United Kingdom
1338
+12
🇵🇹 Sicilians · Portugal
1334
+13
🇹🇼 Armenians · Taiwan
1275
+15
🇨🇳 Italians · China
1240
+16
🇺🇸 Italians · United States
1276
-15
🇺🇸 Franks · United States
1274
-15
🇲🇽 Koreans · Mexico
1238
-13
🇨🇴 Ethiopians · Colombia
1228
-13
Chiripa605
3:11 Loom
10:48 Feudal Age
11:43 Double-Bit Axe
17:38 Castle Age
18:34 Medium Warships
23:32 Wheelbarrow
22:53 Fletching
mR_GrincH_
5:16 Loom
9:58 Feudal Age
16:54 Wheelbarrow
17:21 Town Watch
20:02 Castle Age
18:11 Padded Archer Armor
18:02 Fletching
18:03 Stone Mining
21:30 Bodkin Arrow
julianSD7
6:16 Loom
11:37 Feudal Age
12:43 Fishing Lines
15:41 Castle Age
16:34 Medium Warships
16:20 Gillnets
17:22 Fletching
17:32 Padded Archer Armor
17:04 Demolition Ship
18:07 Double-Bit Axe
20:44 Bodkin Arrow
83T01SRA3L
9:15 Loom
13:14 Feudal Age
14:11 Double-Bit Axe
14:33 Fletching
21:12 Wheelbarrow
21:08 Horse Collar
25:22 Castle Age
Massarock
6:51 Loom
11:06 Feudal Age
darkwwww2015
9:21 Feudal Age
9:53 Double-Bit Axe
13:44 Fishing Lines
16:44 Castle Age
15:51 Loom
17:38 Medium Warships
18:15 Wheelbarrow
18:40 Forging
18:56 Horse Collar
20:16 Hand Cart
21:21 Town Watch
21:52 Bow Saw
TastyChips
6:48 Loom
11:16 Feudal Age
16:19 Castle Age
22:05 Fletching
OceaN X
14:17 Feudal Age
16:47 Fishing Lines
20:41 Castle Age
18:42 Double-Bit Axe
19:03 Horse Collar
19:49 Loom
22:05 Demolition Ship
23:01 Medium Warships
22:42 Gillnets
23:21 Fletching
23:32 Padded Archer Armor
24:10 Wheelbarrow
23:20 Town Watch
Connection lost

Rejoining the realm…

Still unreachable

The connection could not be restored.

Session expired

The server has moved on; the page needs a fresh start.